 Dungeon Crawl Stone Soup version 0.28-a0-723-g095bd1b44f (webtiles) character file.

Game seed: 5635017209726600119

7 ytrimaz the Grave Robber (level 1, 0/13 HPs)
             Began as a Demonspawn Necromancer on Oct 25, 2021.
             Slain by a quokka (2 damage)
             ... on level 1 of the Dungeon.
             The game lasted 00:00:19 (216 turns).

ytrimaz the Grave Robber (Demonspawn Necromancer)    Turns: 216, Time: 00:00:20

Health: 0/13       AC:  2    Str:  8    XL:     1   Next: 83%
Magic:  1/3        EV: 12    Int: 16    God:
Gold:   25         SH:  0    Dex: 13    Spells: 3/4 levels left

rFire   . . .      SeeInvis .   (no weapon)
rCold   . . .      Faith    .   (no shield)
rNeg    . . .      Spirit   .   a - +0 robe
rPois   .          Reflect  .   (no helmet)
rElec   .          Harm     .   (no cloak)
rCorr   .          Rampage  .   (no gloves)
Will    .....                   (no boots)
Stlth   ++........              (no amulet)
HPRegen 0.04/turn               (no ring)
MPRegen 0.08/turn               (no ring)

@: no status effects
A: no striking features
a: no special abilities


You were on level 1 of the Dungeon.
You visited 1 branch of the dungeon, and saw 1 of its levels.

You collected 25 gold pieces.

Inventory:

Armour
 a - a +0 robe (worn)
 e - a +0 tower shield
Scrolls
 b - a scroll of enchant armour {unknown}
 d - a scroll of teleportation {unknown}
Potions
 c - a potion of might {unknown}


   Skills:
 - Level 1.7 Dodging
 - Level 1.7 Stealth
 + Level 2.0 Spellcasting
 + Level 4.7 Necromancy


You had 3 spell levels left.
You knew the following spells:

 Your Spells              Type           Power      Damage    Failure   Level
a - Pain                  Necr           64%        1d7       3%          1

Your spell library contained the following spells:

 Spells                   Type           Power      Damage    Failure   Level
 Animate Skeleton         Necr           32%        N/A       3%          1
 Vampiric Draining        Necr           8%         2d7       9%          3
 Animate Dead             Necr           8%         N/A       28%         4
 Agony                    Necr           16%        N/A       63%         5


Dungeon Overview and Level Annotations

Branches:
Dungeon (1/15)

Altars:


Message History

You are too depleted to draw on your mana recklessly!
Unknown command.
You see here 21 sling bullets.
You hit the endoplasm but do no damage.
The endoplasm is severely wounded.
The endoplasm hits you.
You hit the endoplasm.
The endoplasm is almost dead.
The endoplasm closely misses you.
You hit the endoplasm.
You kill the endoplasm!
The quokka bites you.
You barely miss the quokka. The quokka misses you.
You barely miss the quokka. The quokka misses you.
You hit the quokka.
The quokka is moderately wounded.
The quokka misses you.
You hit the quokka but do no damage.
The quokka is moderately wounded.
The quokka bites you.
You miss the quokka.
The quokka is moderately wounded.
The quokka barely misses you. x2
You hit the quokka.
The quokka is heavily wounded.
The quokka misses you.
You hit the quokka but do no damage.
The quokka is heavily wounded.
The quokka closely misses you.
You barely miss the quokka.
The quokka is moderately wounded.
The quokka bites you.
You closely miss the quokka.
The quokka is moderately wounded.
The quokka bites you.
* * * LOW HITPOINT WARNING * * *
You hit the quokka but do no damage.
The quokka is moderately wounded.
The quokka bites you.
You die...

. # . #.### #.
r#.# ##.###### ..#
####
....#...###†#....#
.........@r......#
....#...###.#....#
. #...# #.# ...#
#...# #.# ..#
#...# #.#.# ## #.#
#...###.#.# #.#.#
##....#.#.# #.#.#
#....#.#.# #.#.#
#....#.#.# #.#(#


You could see a quokka.

Vanquished Creatures
  An endoplasm (D:1)
  A hobgoblin (D:1)
  A kobold (D:1)
  A quokka (D:1)
  A ball python (D:1)
  A bat (D:1)
6 creatures vanquished.

Notes
Turn   | Place    | Note
-------+----------+-------------------------------------------
     0 | D:1      | ytrimaz the Demonspawn Necromancer began the quest for the
                  | Orb.
     0 | D:1      | Reached XP level 1. HP: 13/13 MP: 3/3
   216 | D:1      | Slain by a quokka

Illustrated notes

Levels and vault maps discovered:
D:1:      lightli_iron_boxes, layout_basic

Action                   || total
-------------------------++-------
Melee: Unarmed           ||    13
 Cast: Pain              ||     8
Dodge: Dodged            ||     8

Table legend: (Time is in decaauts)
 A = Elapsed time spent in this place.
 B = Non-inter-level travel time spent in this place.
 C = Inter-level travel time spent in this place.
 D = Time resting spent in this place.
 E = Time spent auto-exploring this place.
 F = Levels seen in this place.
 G = Mean time per level.
                   A        B        C        D        E       F      G
               +--------+--------+--------+--------+--------+-----+--------+
         Total |    216 |    216 |      0 |      0 |    176 |   1 |  216.0 |
       Dungeon |    216 |    216 |      0 |      0 |    176 |   1 |  216.0 |
               +--------+--------+--------+--------+--------+-----+--------+

Top non-repeatable levels by time:
     D:1: 216 daAuts
